 Dungeon Crawl Stone Soup version 0.27-a0-1280-g9d2d252d84 (webtiles) character file.

Game seed: 9121925790026483980

4 Johnny the Digger (level 1, 0/11 HPs)
             Began as a Deep Elf Earth Elementalist on June 13, 2021.
             Slain by a kobold (1 damage)
             ... on level 1 of the Dungeon.
             The game lasted 00:00:14 (53 turns).

Johnny the Digger (Deep Elf Earth Elementalist)       Turns: 53, Time: 00:00:15

Health: 0/11       AC:  2    Str:  5    XL:     1   Next: 58%
Magic:  0/6        EV: 12    Int: 19    God:
Gold:   15         SH:  0    Dex: 15    Spells: 5/6 levels left

rFire    . . .     SeeInvis .   (no weapon)
rCold    . . .     Faith    .   (no shield)
rNeg     . . .     Spirit   .   c - +0 robe
rPois    .         Reflect  .   (no helmet)
rElec    .         Harm     .   (no cloak)
rCorr    .         Rampage  .   (no gloves)
Will     .....                  (no boots)
Stlth    ++........             (no amulet)
HPRegen  0.03/turn              (no ring)
MPRegen  0.10/turn              (no ring)

@: no status effects
A: no striking features
a: no special abilities


You were on level 1 of the Dungeon.
You visited 1 branch of the dungeon, and saw 1 of its levels.

You collected 15 gold pieces.

Inventory:

Missiles
 b - 23 stones
Armour
 c - a +0 robe (worn)
Potions
 a - a potion of might {unknown}
 d - a potion of mutation {unknown}


   Skills:
 * Level 0.5 Fighting
 - Level 2.4 Dodging
 - Level 2.4 Stealth
 + Level 3.1 Spellcasting
 - Level 1.1 Transmutations
 + Level 3.3 Earth Magic


You had 5 spell levels left.
You knew the following spells:

 Your Spells              Type           Power      Damage    Failure   Level
a - Sandblast             Erth           30%        2d9       3%          1

Your spell library contained the following spells:

 Spells                   Type           Power      Damage    Failure   Level
 Passwall                 Tmut/Erth      9%         N/A       9%          2
 Stone Arrow              Conj/Erth      18%        3d8       22%         3
 Petrify                  Tmut/Erth      11%        N/A       52%         4
 Lee's Rapid Deconstruct  Erth           7%         3d8*      71%         5


Dungeon Overview and Level Annotations

Branches:
Dungeon (1/15)

Altars:


Message History

You don't have enough magic to cast this spell.
You barely miss the kobold. The kobold hits you but does no damage.
Your magical contamination has completely faded away.
You barely miss the kobold. The kobold hits you with a +0 dagger.
You hit the rat.
The rat is heavily wounded.
The kobold hits you with a +0 dagger. The rat misses you.
You closely miss the rat.
The rat is heavily wounded.
The kobold hits you but does no damage. The rat bites you.
Casting: Sandblast (safe; 3% risk of failure)
Confirm with . or Enter, or press ? or * to list all spells.
Aiming: Sandblast (safe; 3% risk of failure)
Press: ? - help, Shift-Dir - straight line, f - rat
Aim: a rat (heavily wounded, 79% to hit)
The blast of sand hits the rat!
You kill the rat!
The kobold barely misses you.
The kobold throws a stone.
The stone misses you.
Found a scroll labelled EFUKOCVOLEY.
The kobold throws a stone.
The stone hits you.
The kobold throws a stone.
The stone misses you.
There is an escape hatch in the floor here.
The kobold throws a stone.
The stone barely misses you.
Casting: Sandblast (safe; 3% risk of failure)
Confirm with . or Enter, or press ? or * to list all spells.
Okay, then.
The kobold throws a stone.
The stone hits you.
A kobold is nearby!
You start resting.
A kobold is nearby!
The kobold hits you with a +0 dagger.
* * * LOW HITPOINT WARNING * * *
Casting: Sandblast (safe; 3% risk of failure)
Confirm with . or Enter, or press ? or * to list all spells.
Aiming: Sandblast (safe; 3% risk of failure)
Press: ? - help, Shift-Dir - straight line, f - kobold
Aim: a kobold, wielding a +0 dagger and quivering stones (74% to hit)
The blast of sand misses the kobold.
The kobold hits you with a +0 dagger.
You die...

#.. .. .. .# #.###.#
.# ...#...## .#
#.......## ####.#
#........ ....####.
#.....†.# #........
#....## #..#####.
?.###...#####@.......
............>K........
#..###...#..####.#####
# ##.###.# .# # ##
#####'# .#
#.#.#♣♣♣♣♣#.#.# #
#.............#
#..♣..♣.♣..♣..# #
#♣♣..≈..♣♣#≈#


You could see a kobold.

Vanquished Creatures
  3 jackals (D:1)
  A rat (D:1)
4 creatures vanquished.

Notes
Turn   | Place    | Note
-------+----------+-------------------------------------------
     0 | D:1      | Johnny the Deep Elf Earth Elementalist began the quest for
                  | the Orb.
     0 | D:1      | Reached XP level 1. HP: 10/10 MP: 6/6
    53 | D:1      | Slain by a kobold

Illustrated notes

Levels and vault maps discovered:
D:1:      tarquinn_simple_flora_water_b, layout_loops_ring,
          hellmonk_ecumenical_altar_crossroads

Action                   || total
-------------------------++-------
Melee: Unarmed           ||     4
 Cast: Sandblast         ||     7
Armor: Robe              ||     4
Dodge: Dodged            ||    11

Table legend: (Time is in decaauts)
 A = Elapsed time spent in this place.
 B = Non-inter-level travel time spent in this place.
 C = Inter-level travel time spent in this place.
 D = Time resting spent in this place.
 E = Time spent auto-exploring this place.
 F = Levels seen in this place.
 G = Mean time per level.
                   A        B        C        D        E       F      G
               +--------+--------+--------+--------+--------+-----+--------+
         Total |     53 |     53 |      0 |      4 |     24 |   1 |   53.0 |
       Dungeon |     53 |     53 |      0 |      4 |     24 |   1 |   53.0 |
               +--------+--------+--------+--------+--------+-----+--------+

Top non-repeatable levels by time:
     D:1: 53 daAuts
